[Event "EICC 2025"]
[Site "Eforie-Nord"]
[Date "2025.03.16"]
[Round "2.16"]
[White "Razafindratsima, Timothe"]
[Black "Predke, Alexandr"]
[Result "1/2-1/2"]
[Annotator "TA"]
[ECO "E06"]
[WhiteElo "2465"]
[BlackElo "2640"]
[PlyCount "182"]
[EventDate "2025.03.14"]
[EventType "swiss"]
[EventCountry "ROU"]
[SourceTitle "playchess.com"]
[Source "ChessBase"]
[SourceQuality "1"]
[TimeControl "40/5400+30:1800+30"]

1. d4 Nf6 2. c4 e6 3. Nf3 d5 4. g3 Be7 5. Bg2 O-O 6. O-O a5 7. Qc2 {[%emt 0:01:43] E06: Closed Catalan: Early deviations.} Nc6 8. a3 dxc4 9. Qxc4 {[%emt 0:04:14] White is slightly better.} a4 10. Nc3 Bd7 $1 11. Bf4 (11. Nxa4 $2 b5 (11... Nxd4 12. Nc3 $11) 12. Qd3 (12. Qxb5 $2 Nxd4 13. Qd3 Nxf3+ 14. Qxf3 Rxa4 $19) 12... bxa4 $19 (12... Rxa4 $2 13. b3 $19)) 11... Na5 12. Qd3 (12. Qxc7 Qxc7 13. Bxc7 Nb3 14. Rad1) 12... Nd5 13. Ne5 Be8 14. Be4 $146 (14. Rfd1 f6 15. Nc4 Bg6 16. Be4 Nxc3 17. bxc3 Bxe4 18. Qxe4 Qd5 19. Qxd5 exd5 20. Nxa5 Rxa5 21. Bxc7 {½-½ Raja,R (2395)-Ghosh,D (2547) IND-ch Blitz 2024 (9)}) 14... Nf6 15. Bf3 Nd5 16. Be4 {[%emt 0:00:14] Threatens to win with Nxd5.} Kh8 17. Rad1 (17. Bxh7 Nxf4 18. gxf4 g6 $17) (17. Nxd5 $11 exd5 18. Bxh7) 17... f6 $17 18. Nc4 Nxc4 19. Qxc4 Bc6 (19... Nxf4 $15 20. gxf4 Qc8) 20. Bg2 Nxc3 21. Qxc3 Bxg2 22. Kxg2 Qd5+ 23. Qf3 c6 24. Rd3 Rfd8 25. Rc1 Qxf3+ 26. Kxf3 Kg8 27. Bd2 Rd5 28. Rc4 f5 29. h4 Kf7 30. e4 fxe4+ 31. Kxe4 Bf6 32. Bf4 Ra6 33. Be5 Rb6 34. Bxf6 gxf6 $11 {[%emt 0:00:20][%mdl 4096] Endgame KRR-KRR} 35. Rd2 (35. Rxa4 $11 Rxb2 36. Rb4) 35... Ra5 (35... Rb3 $1 $17 36. Rc3 (36. Rxa4 f5+ 37. Kf4 Kf6 $19) 36... Rdb5 37. Rxb3 Rxb3) 36. Kd3 Rb3+ 37. Rc3 (37. Kc2 $11) 37... Rab5 $17 38. Rxb3 Rxb3+ {[%emt 0:00:03] KR-KR} 39. Ke4 f5+ $1 40. Kf4 Kf6 41. g4 fxg4 42. Kxg4 Rb5 $1 43. Rc2 Ke7 (43... Rd5 $1 $17 44. Rc4 b5) 44. h5 Kd6 45. f4 Rd5 46. h6 (46. Rg2 $15) 46... Rxd4 $19 47. Re2 {[%emt 0:00:43] [#]} Rd5 (47... Rd1 $142 $1 48. Kg5 Rg1+ 49. Kf6 Rg6+ 50. Kf7 Rxh6) 48. Re4 $2 (48. Rg2 $17) 48... b5 49. Re3 c5 50. Kh4 Rf5 51. Kg4 Rf6 52. Rh3 Rf5 (52... Kd5 $19 53. Rh1 b4 54. Rd1+ Kc4 55. axb4 cxb4) 53. Rg3 $2 (53. Re3 $1 $11) 53... b4 54. Kf3 bxa3 55. bxa3 Rh5 56. Ke4 Rxh6 57. Rd3+ Ke7 (57... Kc6 $19 58. Ke5 Kb5) 58. Rc3 $17 {[%emt 0:00:29] [#]} Rh5 (58... Kd7 $1 $17 {and ...Kc6 would now be decisive} 59. Rxc5 Rh3) 59. Rc4 $15 Rh3 60. Rxa4 h5 61. Ra7+ Kf6 62. Rc7 Rc3 63. a4 h4 {[%emt 0:00:27] Threatening ...Rc4+.} (63... Rc4+ 64. Kf3 e5 65. fxe5+ Kxe5 66. Ke3 Kd5) 64. a5 h3 (64... Rc4+ 65. Kf3 e5 66. fxe5+ Kxe5 67. a6 Rc3+) 65. a6 Kg6 66. Rc8 $1 Ra3 (66... h2 $5 67. Rh8 $8 Rc2 $11) 67. Rxc5 ({White should play} 67. Rh8 $1 $11) 67... h2 $1 ({But not} 67... Rxa6 68. Rg5+ Kf6 69. Kf3 $11) 68. Rc1 Rxa6 69. Rh1 $1 Ra2 70. Kf3 Kf5 71. Re1 Kf6 72. Kg3 Re2 73. Rh1 Kf5 74. Kf3 Rb2 75. Re1 Kf6 76. Kg3 Rc2 (76... Rb4 77. Kxh2 Rxf4 78. Kg3 e5) 77. Ra1 Rb2 78. Re1 Rd2 (78... Rb4 79. Kxh2 Rxf4 80. Kg3 e5) 79. Ra1 Kf5 80. Ra5+ Rd5 81. Ra1 Rd2 (81... Rd3+ {simplifies} 82. Kxh2 Kxf4 83. Kg2 e5) 82. Ra5+ {[%emt 0:00:04] The position is equal.} Kg6 83. Ra1 Re2 84. Rh1 Kf5 85. Kf3 {[%emt 0:00:03] Wards off Re3+} Ra2 86. Re1 $1 Ra8 87. Re5+ Kf6 88. Rh5 {[%emt 0:00:49] Wards off h1Q+} Ra3+ 89. Kg4 Ra2 90. Kg3 Kg6 91. Rxh2 Rxh2 {[%emt 0:00:04] Black had all chances to win.   Weighted Error Value: White=0.32/Black=0.19 (very precise)   Loses game:     	White=2     	---        Missed win:     	---       	Black=1      Mistake:       	White=5     	Black=6      Inaccurate:     	White=5     	Black=5      OK:         	White=28    	Black=23     Best:        	White=12    	Black=9      Strong:       	White=3     	Black=4} 1/2-1/2

[Event "EICC 2025"]
[Site "Eforie-Nord"]
[Date "2025.03.16"]
[Round "2.17"]
[White "Bjerre, Jonas Buhl"]
[Black "Bodrogi, Bendeguz"]
[Result "1/2-1/2"]
[Annotator "TA"]
[ECO "C67"]
[WhiteElo "2637"]
[BlackElo "2460"]
[PlyCount "90"]
[EventDate "2025.03.14"]
[EventType "swiss"]
[EventCountry "ROU"]
[SourceTitle "playchess.com"]
[Source "ChessBase"]
[SourceQuality "1"]
[TimeControl "40/5400+30:1800+30"]

1. e4 e5 2. Nf3 Nc6 3. Bb5 Nf6 4. O-O Nxe4 5. Re1 Nd6 6. Bf1 Be7 {[%emt 0:02:42] [#]} 7. Nc3 e4 8. Nxe4 Nxe4 9. Rxe4 O-O 10. d4 d5 11. Re1 Bd6 12. Bg5 f6 13. Bh4 Ne7 14. c4 dxc4 15. Bxc4+ Kh8 {[%emt 0:00:09] Counterplay White} 16. Qb3 Nf5 17. Bg3 a5 18. Rad1 a4 19. Qc2 Nxg3 20. hxg3 Bg4 21. Be6 f5 22. Rd3 Qf6 {[%emt 0:02:40] Wards off Ne5} 23. d5 Bxf3 24. Rxf3 g6 25. a3 Ra5 26. g4 Rc5 27. Qxa4 Qxb2 28. g3 {[%emt 0:11:08][%cal Rg4f5,Bg2g3,Bg3f4,Bf4f5][%mdl 32] White is weak on the dark squares} b5 29. Qd1 Rc2 $2 {[%emt 0:00:18][%mdl 8192] [#]} (29... f4 $11 {and Black stays safe.} 30. gxf4 Rc4) 30. gxf5 $2 (30. Rb3 $1 $18 Qg7 31. Qxc2) 30... Bc5 $11 (30... Rd2 {simplifies} 31. Qa1 Qxa1 32. Rxa1 gxf5 33. Rb1 f4) 31. Rf1 gxf5 32. Kg2 f4 $132 {[%emt 0:05:13][%mdl 2048] Opposite bishops and equal position Black is not holding back} 33. gxf4 Rd2 ({Black should try} 33... Rc3 $11) 34. Qe1 $14 Re2 35. Qb1 Rf6 36. Qxb2 Rxb2 37. f5 $1 {[%emt 0:00:23] Wards off Rg6+} Bd6 {[%emt 0:01:15] Against Rg3} 38. Kh3 (38. Rh3 $16) 38... b4 $11 {[%emt 0:01:06] The position is equal.} 39. axb4 Rxb4 40. Re3 Rh6+ 41. Kg2 Rh2+ 42. Kf3 Kg7 43. Bd7 (43. Rg1+ Kf6 44. Re4 Rb3+ 45. Re3 Rb4) 43... Kf7 44. Be8+ Kf8 {[%emt 0:01:04] ...Rh3+ would now be deadly.} 45. Bd7 Kf7 {[%emt 0:00:06] Weighted Error Value: White=0.20 (precise) /Black=0.23 (precise)   Loses game:     	---       	Black=1      Missed win:     	White=1     	---        Mistake:       	White=1     	Black=1      Inaccurate:     	White=2     	Black=1      OK:         	White=13    	Black=20     Best:        	White=1     	Black=2      Strong:       	White=1     	---} 1/2-1/2

[Event "EICC 2025"]
[Site "Eforie-Nord"]
[Date "2025.03.16"]
[Round "2.17"]
[White "Stefanou, Dimitrios"]
[Black "Pantsulaia, Levan"]
[Result "0-1"]
[Annotator "ChessBase"]
[ECO "D25"]
[WhiteElo "2389"]
[BlackElo "2538"]
[PlyCount "130"]
[EventDate "2025.03.14"]
[EventType "swiss"]
[EventCountry "ROU"]
[SourceTitle "playchess.com"]
[Source "ChessBase"]
[SourceQuality "1"]
[TimeControl "40/5400+30:1800+30"]

1. d4 d5 2. Nf3 Nf6 3. c4 dxc4 4. e3 Be6 5. Na3 Bd5 6. Nxc4 e6 7. Be2 c5 8. O-O Nbd7 9. dxc5 Bxc5 10. a3 Rc8 11. b4 Be7 12. Nce5 Nxe5 13. Nxe5 O-O 14. Bb2 a5 15. Qd4 axb4 16. axb4 Qd6 17. b5 Qb4 18. Rfc1 Rfd8 19. Qxb4 Bxb4 20. Rxc8 Rxc8 21. Rc1 Rxc1+ 22. Bxc1 Ne4 23. f3 Nc3 24. Bf1 f6 25. Nd7 e5 26. Nb6 Be6 27. Nc4 Kf8 28. Bd2 Na2 29. Kf2 Bxd2 30. Nxd2 Ke7 31. f4 Nc3 32. Bd3 h6 33. fxe5 fxe5 34. Bc4 Bd7 35. b6 Kd6 36. Bb3 Kc5 37. Bc2 Bc6 38. h4 Bd5 39. e4 Be6 40. Ke3 Bg4 41. Bb3 Nb5 42. Bd5 Nd6 43. Nb3+ Kxb6 44. Nc1 Bd7 45. Nd3 Bc6 46. g4 Bxd5 47. exd5 e4 48. Nf4 Kc5 49. Ne6+ Kxd5 50. Nxg7 b5 51. Nh5 b4 52. g5 hxg5 53. hxg5 Ke5 54. Kd2 Nf5 55. g6 b3 56. Ng3 e3+ 57. Kd3 Kf4 58. Ne2+ Kf3 59. Nc3 Ng7 60. Ne2 Ne6 61. Ng1+ Kf2 62. Ne2 b2 63. Nc3 e2 64. g7 Nxg7 65. Ne4+ Kg2 0-1

[Event "EICC 2025"]
[Site "Eforie-Nord"]
[Date "2025.03.16"]
[Round "2.18"]
[White "Alonso Rosell, Alvar"]
[Black "Tudor, Henry Edward"]
[Result "1-0"]
[Annotator "ChessBase"]
[ECO "D02"]
[WhiteElo "2535"]
[BlackElo "2384"]
[PlyCount "73"]
[EventDate "2025.03.14"]
[EventType "swiss"]
[EventCountry "ROU"]
[SourceTitle "playchess.com"]
[Source "ChessBase"]
[SourceQuality "1"]
[TimeControl "40/5400+30:1800+30"]

1. Nf3 Nf6 2. g3 d5 3. Bg2 e6 4. O-O Be7 5. d4 O-O 6. b3 c5 7. dxc5 Bxc5 8. Bb2 Nc6 9. c4 d4 10. b4 Bxb4 11. Nxd4 Bd7 12. Nxc6 Bxc6 13. Bxc6 bxc6 14. Qc2 Qe7 15. Nd2 e5 16. Rfd1 Nd7 17. Ne4 f5 18. a3 fxe4 19. axb4 Nf6 20. Qc3 Qf7 21. Qxe5 Ng4 22. Qc5 a5 23. bxa5 Rae8 24. Bd4 Qg6 25. h3 Nxf2 26. Bxf2 e3 27. Be1 Rf5 28. Qd6 Rf6 29. Qd3 Qh6 30. Kg2 Ref8 31. a6 Qh5 32. a7 Rh6 33. h4 Rd6 34. Qxe3 Rxd1 35. Qe6+ Kh8 36. Rxd1 Re8 37. g4 1-0

[Event "EICC 2025"]
[Site "Eforie-Nord"]
[Date "2025.03.16"]
[Round "2.18"]
[White "Tarhan, Adar"]
[Black "Hakobyan, Aram"]
[Result "1/2-1/2"]
[Annotator "TA"]
[ECO "E15"]
[WhiteElo "2460"]
[BlackElo "2635"]
[PlyCount "99"]
[EventDate "2025.03.14"]
[EventType "swiss"]
[EventCountry "ROU"]
[SourceTitle "playchess.com"]
[Source "ChessBase"]
[SourceQuality "1"]
[TimeControl "40/5400+30:1800+30"]

1. d4 e6 2. c4 Nf6 3. Nf3 b6 4. g3 Ba6 5. b3 Bb7 6. Bg2 Bb4+ 7. Bd2 c5 8. Bxb4 cxb4 9. O-O O-O 10. a3 Na6 11. axb4 {[%emt 0:12:52] E15: Queen's Indian: 4 g3 sidelines, 4 g3 Ba6 and 4 g3 Bb7 early deviations.} Nxb4 12. Nc3 a5 13. e3 $146 {[%emt 0:08:27] White has an edge.} (13. Qb1 d5 14. Ne5 Rc8 15. e3 Ba6 16. Na2 Nxa2 17. Qxa2 Ne4 18. Rfc1 Qd6 19. Qa3 Qxa3 20. Rxa3 {0-1 Mammadov,M (2058)-Gokerkan,C (2452) Konyaalti op 2019 (1)}) 13... Rc8 14. Ne5 Ba6 15. d5 exd5 16. Nxd5 Nbxd5 (16... Nfxd5 $15 17. Bxd5 Qc7) 17. Bxd5 $11 Qe7 18. Nf3 Nxd5 19. Qxd5 Rc5 20. Qd4 Bb7 21. Ne1 Rc6 22. Rd1 Rh6 23. Ng2 Rd8 (23... Qb4 24. Nf4 Qxb3 25. Qxd7 Bf3) 24. f3 (24. Rd2 Bc6 25. Nf4 Qb4 26. Ra1) 24... f5 25. Qf4 Rf6 26. Qc7 Bc6 27. Rd3 (27. Qxb6 Bxf3 28. Qxa5 Bxd1 29. Rxd1 Rb8 $17) 27... Re8 (27... g5 $5) 28. Nf4 (28. Qxb6 Bxf3 (28... Be4 29. Qxa5 Ra8 30. Qd2 $15) 29. Qa7 Bc6 $15 (29... Bxg2 30. Rxd7 Qxe3+ 31. Kxg2 $14)) 28... Qc5 29. Kf2 a4 30. bxa4 {[%emt 0:00:59] Active counter play!} Qxc4 {[%emt 0:00:12] Strongly threatening ...g5.} 31. Rfd1 $1 Qxa4 (31... Qa2+ {looks sharper.} 32. R1d2 Qa1 33. Rd1 Qxa4 34. Nd5 Rfe6) 32. Qxb6 {[%emt 0:00:31] [#]} (32. h4 $15) 32... Bxf3 $1 $17 33. Qxf6 gxf6 34. Kxf3 Qc2 35. R1d2 Qc1 36. Rd1 Qc2 (36... Rxe3+ $2 37. Kf2 Qc5 38. Rxe3 $18) 37. R1d2 $1 Qc6+ 38. Kf2 Qh1 39. Rxd7 Qxh2+ 40. Kf1 {[%emt 0:02:48] [#]} (40. Ng2 $15) 40... Qh1+ $1 (40... Qxg3 41. Rg2 Rxe3 42. Rxg3+ Rxg3 43. Kf2 $16) 41. Kf2 Qe4 42. Nd5 Qe6 ({Better is} 42... Qe5 $17 43. Rd1 Qb2+ 44. Kf3 Kf8 45. Rxh7 Qc2) 43. Rb2 $11 {[%emt 0:00:00][%cal Ob2b6] Black must now prevent Rb6!. The position is equal.} f4 (43... Qxd7 $2 44. Nxf6+ Kf7 45. Nxd7 $18) (43... Kf8 $5 44. Rbb7 $8 f4 45. gxf4 Ra8 $11) 44. gxf4 Kf8 (44... Qxd7 $2 45. Nxf6+ Kg7 46. Nxd7 $18) 45. Rbb7 Ra8 46. Rxh7 Ra2+ ({But not} 46... Qxd5 47. Rh8+ $16) 47. Ke1 $1 Ra1+ 48. Kf2 Ra2+ ({Not} 48... Qxd5 49. Rb8+) 49. Ke1 $1 {[%emt 0:00:00] Dancing on a razor blade.} Ra1+ 50. Kf2 {[%emt 0:00:00] Weighted Error Value: White=0.10 (very precise) /Black=0.15 (very precise)   Mistake:       	White=2     	Black=2      Inaccurate:     	White=7     	Black=2      OK:         	White=15    	Black=16     Best:        	White=4     	Black=3      Strong:       	White=4     	---} 1/2-1/2

[Event "EICC 2025"]
[Site "Eforie-Nord"]
[Date "2025.03.16"]
[Round "2.19"]
[White "Suleymanli, Aydin"]
[Black "Trost, Edvin"]
[Result "0-1"]
[Annotator "TA"]
[ECO "D94"]
[WhiteElo "2633"]
[BlackElo "2457"]
[PlyCount "62"]
[EventDate "2025.03.14"]
[EventType "swiss"]
[EventCountry "ROU"]
[SourceTitle "playchess.com"]
[Source "ChessBase"]
[SourceQuality "1"]
[TimeControl "40/5400+30:1800+30"]

1. d4 d5 2. c4 c6 3. Nf3 Nf6 4. e3 g6 5. Nc3 Bg7 6. Bd3 c5 {[%emt 0:00:36] D94: Grünfeld: 4 Nf3 Bg7 5 e3.} 7. O-O cxd4 8. exd4 Nc6 $146 {[%emt 0:00:41] The position is equal.} (8... O-O 9. Bg5 Be6 10. c5 Nc6 11. Qa4 h6 12. Be3 Bg4 13. Ne5 Bd7 14. Nxc6 Bxc6 {0-1 Konicek,P-Kopal,J (2135) CZE-chT2V 9899 1998}) 9. cxd5 Nxd5 10. Be4 Be6 11. Ng5 Nxc3 12. bxc3 {[%emt 0:01:04] [#] Black must now prevent d5. A sharp opening} Bc4 13. Re1 O-O 14. Qa4 Bd5 15. Ba3 (15. Rb1 $5) 15... Re8 16. Rab1 e5 17. Rxb7 (17. Qb5 $11 {remains equal.} Bxe4 (17... Bxa2 18. Ra1 $16) 18. Nxe4 exd4 19. cxd4) 17... exd4 $1 $17 18. h4 d3 {[%emt 0:07:48][%csl Od3] Black has a strong passed pawn The board is on fire.} (18... dxc3 $6 19. Rxf7 Bxf7 20. Nxf7 $11) 19. Nf3 $2 {[%emt 0:07:13][%mdl 8192] Now White is beyond hope.} (19. Rxf7 $17 {keeps fighting.} d2 (19... Bxf7 20. Nxf7 d2 21. Rf1 $15) (19... Bxc3 20. Rd1 $11) 20. Rd1 Bxf7 21. Nxf7 Kxf7 (21... Qxh4 $2 22. Qc4 $16) 22. Qxc6 (22. Bxc6 $2 Re1+ 23. Kh2 Be5+ 24. g3 Rc8 $19)) 19... Bxc3 20. Re3 d2 21. Bc2 {[%emt 0:00:23] Repels Bb3} (21. Nxd2 Bxd2 22. Bxd5 Qxd5 23. Rxa7 Rxa7 24. Rxe8+ Kg7 25. Bf8+ Kf6 26. Rd8 Rxa4 (26... Nxd8 $2 27. Qxa7 Nc6 28. Qa4 $19) (26... Qxd8 27. Qxc6+ Kf5 28. Qc5+ Ke6 29. Qc6+ Kf5 30. Qc5+ Ke6 31. Qc6+ Kf5 $11) (26... Qe6 $2 27. Qd1 $19) 27. Rxd5) 21... Rxe3 $19 {[%emt 0:00:16] Black is clearly winning.} 22. fxe3 Ne5 23. Re7 Nxf3+ 24. gxf3 Bxf3 25. Rd7 Qb8 26. Kf2 {[%emt 0:00:31] Prevents Qg3+.} Bh5 27. Bd6 Qe8 (27... Qb2 28. Qe4 Rf8 (28... d1=N+ $2 {too greedy.} 29. Kg1 $18) (28... d1=Q 29. Qxa8+) 29. Qe7 d1=N+ 30. Kg1 $18) 28. Bf4 Rd8 29. Rd3 {[%emt 0:00:32] [#]} Ba5 $1 {[%emt 0:01:40][%mdl 512] and ...Qxa4 should not be overlooked} 30. Qxe8+ Rxe8 31. e4 Rxe4 {[%emt 0:00:19] Weighted Error Value: White=0.54/Black=0.25 (precise)   Loses game:     	White=1     	---        Mistake:       	White=2     	---        Inaccurate:     	White=3     	---        OK:         	White=4     	Black=14     Best:        	White=1     	---        Strong:       	---       	Black=1} 0-1

[Event "EICC 2025"]
[Site "Eforie-Nord"]
[Date "2025.03.16"]
[Round "2.19"]
[White "Blohberger, Felix"]
[Black "Maltsevskaya, Aleksandra"]
[Result "1-0"]
[Annotator "ChessBase"]
[ECO "C00"]
[WhiteElo "2534"]
[BlackElo "2376"]
[PlyCount "67"]
[EventDate "2025.03.14"]
[EventType "swiss"]
[EventCountry "ROU"]
[SourceTitle "playchess.com"]
[Source "ChessBase"]
[SourceQuality "1"]
[TimeControl "40/5400+30:1800+30"]

1. e4 c5 2. Nf3 e6 3. g3 Nc6 4. Bg2 Nf6 5. d3 d5 6. Qe2 Be7 7. a4 b6 8. Na3 Ba6 9. Nb5 O-O 10. O-O Qd7 11. Bf4 Rac8 12. c3 c4 13. dxc4 Nxe4 14. Rad1 f5 15. cxd5 exd5 16. c4 Nb4 17. Ne5 Qe6 18. Nd4 Qf6 19. Nd7 Qf7 20. Nb5 Rfd8 21. Ne5 Qe6 22. cxd5 Nxd5 23. Bxe4 fxe4 24. Qxe4 Bb7 25. Rfe1 Bb4 26. Bd2 Bc5 27. b4 Qh3 28. bxc5 Ne3 29. Qxb7 Nxd1 30. Rxd1 Qh5 31. Re1 Rxc5 32. Bc3 Qf5 33. Nc6 Qd7 34. Nxd8 1-0

[Event "EICC 2025"]
[Site "Eforie-Nord"]
[Date "2025.03.16"]
[Round "2.20"]
[White "Kilic, Eray"]
[Black "Hovhannisyan, Robert"]
[Result "1/2-1/2"]
[Annotator "TA"]
[ECO "C47"]
[WhiteElo "2459"]
[BlackElo "2630"]
[PlyCount "67"]
[EventDate "2025.03.14"]
[EventType "swiss"]
[EventCountry "ROU"]
[SourceTitle "playchess.com"]
[Source "ChessBase"]
[SourceQuality "1"]
[TimeControl "40/5400+30:1800+30"]

1. e4 e5 2. Nf3 Nc6 3. Nc3 Nf6 4. a3 d5 5. Bb5 Nxe4 6. Qe2 {[%emt 0:00:04] C47: Scotch Four Knights and Four Knights with 4 g3.} Qd6 7. Nxe4 dxe4 8. Qxe4 {[%emt 0:00:04] The position is equal.} Bd7 $1 9. d4 f5 10. Qe2 e4 11. Bxc6 Qxc6 12. Ne5 Qe6 13. Bf4 $146 (13. Bg5 Bd6 14. Nxd7 Qxd7 15. f3 O-O 16. fxe4 fxe4 17. O-O-O Qf5 18. Be3 b5 19. Rdf1 {0-1 Heydarova,A (1637)-Schulze,L (2250) EU-ch Hybrid U20 Girls 2021 (4)}) 13... O-O-O 14. O-O-O Qa2 {[%emt 0:01:45] [#] ...Be6 would now be deadly.} 15. Qc4 {[%emt 0:02:34] Active counter play!} Qxc4 16. Nxc4 Be6 17. Ne3 g6 18. d5 Bf7 19. c4 h5 20. h4 a5 21. Rd2 Bc5 22. g3 b6 23. Rhd1 a4 24. Nc2 Kb7 25. Nd4 Rc8 26. Kc2 Rh7 27. Kc3 Be8 28. Ne6 Bd6 29. Kd4 Rd7 30. c5 bxc5+ 31. Nxc5+ Bxc5+ 32. Kxc5 Ra8 33. Kb4 Rb8 34. Kc3 {[%emt 0:03:00] Weighted Error Value: White=0.04 (flawless) /Black=0.05 (flawless)   Inaccurate:     	White=1     	Black=1      OK:         	White=15    	Black=12     Strong:       	---       	Black=1} 1/2-1/2

[Event "EICC 2025"]
[Site "Eforie-Nord"]
[Date "2025.03.16"]
[Round "2.20"]
[White "Shohat, Yotam"]
[Black "Amar, Elham"]
[Result "1/2-1/2"]
[Annotator "ChessBase"]
[ECO "B90"]
[WhiteElo "2386"]
[BlackElo "2533"]
[PlyCount "86"]
[EventDate "2025.03.14"]
[EventType "swiss"]
[EventCountry "ROU"]
[SourceTitle "playchess.com"]
[Source "ChessBase"]
[SourceQuality "1"]
[TimeControl "40/5400+30:1800+30"]

1. e4 c5 2. Nf3 d6 3. d4 cxd4 4. Nxd4 Nf6 5. Nc3 a6 6. Be3 e5 7. Nb3 Be6 8. f3 Be7 9. Qd2 h5 10. Be2 Nbd7 11. Nd5 Nxd5 12. exd5 Bf5 13. O-O O-O 14. Na5 Qc8 15. Rac1 Bd8 16. h3 h4 17. Nc4 Qb8 18. Bf2 Bg6 19. Qb4 Bg5 20. Ra1 Be7 21. c3 Qc7 22. a4 Rae8 23. Rfd1 f5 24. Re1 Nf6 25. Rad1 Bf7 26. Ne3 f4 27. Nf5 Nxd5 28. Qa3 Rd8 29. Bd3 Be6 30. Nxh4 Ne3 31. Bxe3 d5 32. b4 Bxh4 33. Bf2 Bxf2+ 34. Kxf2 e4 35. Bb1 Qe7 36. Qb2 exf3 37. Kg1 Rd6 38. gxf3 Qh4 39. Qf2 Qxh3 40. Qh2 Qxf3 41. Qh7+ Kf7 42. Qg6+ Kg8 43. Qh7+ Kf7 1/2-1/2

[Event "EICC 2025"]
[Site "Eforie-Nord"]
[Date "2025.03.16"]
[Round "2.21"]
[White "Chigaev, Maksim"]
[Black "Koelle, Tobias"]
[Result "1-0"]
[Annotator "TA"]
[ECO "B56"]
[WhiteElo "2629"]
[BlackElo "2453"]
[PlyCount "135"]
[EventDate "2025.03.14"]
[EventType "swiss"]
[EventCountry "ROU"]
[SourceTitle "playchess.com"]
[Source "ChessBase"]
[SourceQuality "1"]
[TimeControl "40/5400+30:1800+30"]

1. e4 c5 2. Nf3 d6 3. d4 cxd4 4. Nxd4 Nf6 5. Nc3 e5 6. Nf3 Be7 7. Bc4 Be6 {[%emt 0:01:17] B56: Classical Sicilian: Unusual Lines.} 8. Bb3 O-O 9. O-O Nbd7 {[%emt 0:06:27][%cal Bb8d7,Bd7c5,Bc5a6,Ba6c7][%mdl 32] The position is equal.} 10. Bxe6 fxe6 11. Ng5 Nc5 12. b4 Na6 13. a3 (13. Nxe6 $5 Qc8 $8 14. Nxf8 Qxc3 15. Nd7 (15. Bd2 Qc4 $15) 15... Nxd7 (15... Qxa1 $2 16. Nxf6+ Bxf6 17. Qd5+ Kh8 18. Qxb7 $18) 16. Qd5+ Kf8 17. Bd2 $17 (17. Qxb7 Qc8 $15)) 13... Nc7 $146 (13... h6 14. Nxe6 Qc8 15. Nxf8 Qxc3 16. Bd2 Qc4 17. Ng6 Bd8 18. Be3 Qxe4 19. Qd3 Kf7 {1-0 Sjugirov,S (2651)-Gokerkan,C (2490) Titled Tuesday intern op 06th Aug Late blitz 2024 (4)}) 14. Qd3 h6 15. Nf3 Qe8 16. Bd2 Rc8 17. a4 (17. Rfe1 $11) 17... a6 18. b5 Nd7 19. Be3 Qg6 20. Kh1 {[%emt 0:05:01] [#]} d5 21. b6 $11 dxe4 (21... Rxf3 22. gxf3 Ne8 23. Nxd5 (23. exd5 Qxd3 24. cxd3 Rxc3 $15) 23... exd5 24. Qxd5+ Qf7 25. Qxd7 $18) 22. Qxd7 (22. Qxe4 Qxe4 23. Nxe4 Nd5 $17) 22... exf3 23. Rg1 {[%emt 0:01:10] Active counter play!} Bb4 $1 (23... Qxc2 $2 24. Qxe7 (24. bxc7 Qxc3 25. Qxe6+ Kh8 $18) 24... Rfe8 25. Qd6 Qxc3 26. Rac1 $18 (26. bxc7 fxg2+ 27. Kxg2 Qxc7 $18)) (23... fxg2+ $2 24. Rxg2 Qe8 25. Rd1 Qxd7 26. Rxd7 $18) 24. Na2 Rfd8 25. Qxd8+ Rxd8 26. bxc7 Rc8 (26... fxg2+ $2 27. Rxg2 Qf6 28. cxd8=B $18 (28. cxd8=R+ Qxd8 29. Nxb4 Qh4 $18) (28. cxd8=N Be7 $18)) 27. Nxb4 Rxc7 28. gxf3 Qf6 29. Nd3 $1 Rxc2 (29... Qxf3+ $11 30. Rg2 Qe4 (30... Rxc2 $2 31. Ne1 $18)) 30. Ne1 $1 $14 Rc7 31. Rb1 Kh7 {[%emt 0:01:19] Black is weak on the dark squares} 32. a5 Qf8 33. Rd1 Rf7 34. Bb6 Qe7 ({Black should play} 34... Qb4 $14) 35. Rd3 $16 Qb4 {[%emt 0:00:53] [#]} 36. Re3 $1 Rf5 (36... Qf8 $16 37. Rg4 (37. Rxe5 Qd6 $18) 37... Rf4) 37. Nd3 $18 Qf8 38. Rg3 ({And not} 38. Nxe5 Rxe5 39. Rxe5 Qxf3+ 40. Rg2 Qd1+ 41. Rg1 Qf3+ 42. Rg2 Qd1+ 43. Rg1 Qf3+ $11) (38. Rxe5 Rxf3 39. Ne1 Rh3) 38... Qd6 39. Kg2 h5 40. h4 Qe7 41. Nxe5 (41. Rxe5 Rxe5 42. Nxe5 Qxh4) 41... Qxh4 42. Re4 Qf6 43. Ng6 Rg5 {[%emt 0:07:33] [#]} 44. Nf8+ Kg8 45. Nxe6 Rxg3+ 46. fxg3 g5 47. Nd4 Qd6 48. g4 hxg4 {[%emt 0:02:34] A mistake that costs the game.} (48... h4 $16) 49. Rxg4 Qd5 50. Ne2 Kf7 (50... Kh7 $142 51. Kf2 Qe5) 51. Ng3 Qd2+ 52. Kh3 Qc1 53. Ne4 Qf1+ 54. Kg3 Qe1+ 55. Kg2 Qe2+ 56. Bf2 Qa2 57. Rxg5 ({Less strong is} 57. Nxg5+ Ke7 58. Ne4 Qxa5 59. Rg7+ Ke6 60. Rxb7 Qa2 $18) 57... Ke6 {[%emt 0:00:12] Dodges Re5+} 58. Kg3 Qa1 $2 (58... Kd7 59. Rg7+ Kc6) 59. f4 Qb1 60. Re5+ Kf7 61. f5 {[%emt 0:00:00] aiming for Nd6+.} Qb2 62. Ng5+ Kf6 63. Nf3 Qa2 64. Bd4 {[%emt 0:00:00] White mates.} Qg8+ 65. Kf4 Qb8 66. Ke4 Kf7 67. Ng5+ Kg8 68. f6 {[%emt 0:00:00] Weighted Error Value: White=0.12 (very precise) /Black=0.45  Loses game:     	---       	Black=1      Mistake:       	White=1     	Black=6      Inaccurate:     	White=1     	Black=2      OK:         	White=25    	Black=19     Best:        	White=4     	Black=4      Strong:       	White=3     	Black=1} 1-0

[Event "EICC 2025"]
[Site "Eforie-Nord"]
[Date "2025.03.16"]
[Round "2.21"]
[White "Paichadze, Luka"]
[Black "Dehtiarov, Roman"]
[Result "0-1"]
[Annotator "ChessBase"]
[ECO "C77"]
[WhiteElo "2532"]
[BlackElo "2376"]
[PlyCount "52"]
[EventDate "2025.03.14"]
[EventType "swiss"]
[EventCountry "ROU"]
[SourceTitle "playchess.com"]
[Source "ChessBase"]
[SourceQuality "1"]
[TimeControl "40/5400+30:1800+30"]

1. e4 e5 2. Nf3 Nc6 3. Bb5 a6 4. Ba4 Nf6 5. d3 d6 6. c4 g6 7. Nc3 Bg7 8. Nd5 h6 9. O-O O-O 10. h3 Rb8 11. Be3 b5 12. Bc2 bxc4 13. dxc4 Nxd5 14. cxd5 Nb4 15. Bb1 a5 16. a3 Na6 17. Nd2 f5 18. f3 Nc5 19. Bxc5 dxc5 20. Nb3 Qg5 21. Rf2 Qe3 22. Nxa5 Rxb2 23. Bc2 Ba6 24. Qe1 f4 25. Ba4 Re2 26. Qf1 Bf6 0-1